 Dungeon Crawl Stone Soup version 0.18-a0-946-g3ac5b32 (webtiles) character file.

3906 Duffy the Grappler (level 10, 0/88 HPs)
             Began as a Troll Fighter on Dec 30, 2015.
             Was a Follower of Cheibriados.
             Slain by a yak (1 damage)
             ... on level 1 of the Lair of Beasts.
             The game lasted 00:09:24 (6808 turns).

Duffy the Grappler (Troll Fighter)                  Turns: 6808, Time: 00:09:24

Health: 0/88       AC:  5    Str: 30    XL:     10   Next: 0%
Magic:  9/9        EV: 10    Int:  8    God:    Cheibriados [*.....]
Gold:   388        SH:  0    Dex: 13    Spells: 0 memorised, 9 levels left

rFire  . . .     SeeInvis .       - Unarmed
rCold  . . .     Gourm    +     a - +0 robe
rNeg   . . .     Faith    +     (no shield)
rPois  +         Spirit   .     (helmet restricted)
rElec  .         Dismiss  .     (no cloak)
rCorr  .         Reflect  .     (gloves unavailable)
SustAt .         Harm     .     (boots unavailable)
MR     .....                    f - amulet of faith
Stlth  +.........               N - ring of poison resistance
                                (no ring)

@: very slow, not resistant to hostile enchantments, very unstealthy
A: unfitting armour, claws 3, fast metabolism 3, gourmand, regeneration 2,
shaggy fur 1, tough skin 2
a: Bend Time, Renounce Religion


You were on level 1 of the Lair of Beasts.
You worshipped Cheibriados.
Cheibriados was aware of your devotion.
You were very full.

You visited 3 branches of the dungeon, and saw 10 of its levels.

You collected 489 gold pieces.
You spent 101 gold pieces at shops.


Innate Abilities, Weirdness & Mutations

You are too large for most types of armour.
You have claws for hands.
Your metabolism is lightning-fast.
You like to eat raw meat.
You heal very quickly.
You are covered in fur (AC +1).
You have very tough skin (AC +2).


   Skills:
 - Level 2.4 Fighting
 - Level 2.4 Dodging
 - Level 2.4 Shields
 + Level 13.9 Unarmed Combat


You had 9 spell levels left.
You didn't know any spells.

Inventory:

Missiles
 e - 58 poisoned needles
 p - 7 tomahawks (quivered)
 O - a throwing net
Armour
 a - a +0 robe (worn)
 b - a +1 shield
Jewellery
 f - an amulet of faith (around neck)
 t - an uncursed ring of positive energy
 v - an uncursed ring of stealth
 F - an uncursed ring of invisibility
 N - a ring of poison resistance (right claw)
Wands
 g - a wand of polymorph (10/24)
 M - a wand of confusion (48/48)
Scrolls
 h - 2 scrolls of noise
 l - 3 scrolls of identify
 n - 4 scrolls of remove curse
 s - a scroll of amnesia
 u - 3 scrolls of magic mapping
 w - 2 scrolls of teleportation
 y - 3 scrolls of immolation
 C - 2 scrolls of enchant armour
 D - 2 scrolls of fear
Potions
 c - 3 potions of might
 i - a potion of ambrosia {unknown}
 m - a potion of cure mutation {unknown}
 o - 2 potions of mutation
 r - a potion of degeneration {unknown}
 z - a potion of cancellation {unknown}
 A - a potion of brilliance {unknown}
 G - 5 potions of curing {unknown}
 I - a potion of lignification {unknown}
 J - 2 potions of flight {unknown}
 K - a potion of heal wounds {unknown}
 T - a potion of magic {unknown}
Books
 S - a book of the Tempests
 U - a book of Unlife
Comestibles
 d - 9 bread rations
 j - 5 slices of pizza
 k - 8 meat rations
 q - a beef jerky
 P - 10 royal jellies
 Q - 2 fruits

Dungeon Overview and Level Annotations

Branches:
Dungeon (8/15)             Temple (1/1) D:5            Lair (1/8) D:8

Altars:
Ashenzari
Cheibriados
Dithmenos
Elyvilon
Fedhas
Gozag
Kikubaaqudgha
Makhleb
Nemelex Xobeh
Okawaru
Pakellas
Qazlal
Sif Muna
Trog
Vehumet
Xom
Yredelemnul
Zin
The Shining One
Jiyva

Shops:
D:5 **   D:6 [   D:7 =


Message History

You have reached level 10!
The giant frog barely misses you.
You closely miss the yak. The giant frog barely misses you.
The yak gores you but does no damage. The yak gores you.
The giant frog hits you.
You barely miss the yak. The yak gores you! The giant frog barely misses you.
You scratch the yak.
The yak is lightly wounded.
The yak gores you!
The giant frog hits you but does no damage.
The yak gores you!
You are too injured to fight recklessly!
You are too injured to fight recklessly!
You are too injured to fight recklessly!
You are too injured to fight recklessly!
You are too injured to fight recklessly!
You are too injured to fight recklessly!
You are too injured to fight recklessly!
You are too injured to fight recklessly!
You are too injured to fight recklessly!
You are too injured to fight recklessly!
You are too injured to fight recklessly!
You are too injured to fight recklessly!
You are too injured to fight recklessly!
You are too injured to fight recklessly!
You are too injured to fight recklessly!
You are too injured to fight recklessly!
You are too injured to fight recklessly!
You are too injured to fight recklessly!
The yak gores the fungus!
The giant frog hits you but does no damage.
You barely miss the giant frog. The giant frog hits you!
The yak barely misses you.
You closely miss the giant frog. The giant frog hits you. The yak gores you.
You die...

##...........
########..........#~
#P.#.#.#.........###
#......####.....###
#.....## #.......#
#.....# #........
###...# ##P.......
###..# #P........
#@YY## ##........
#PF.# #........
##%.# #........
....P #.......#
......# #......##
.......# #......#
........# #.....##
.......... #.....#
#..........###.....#


You could see 2 yaks and a giant frog.

Action                   |  1- 3 |  4- 6 |  7- 9 | 10-12 || total
-------------------------+-------+-------+-------+-------++-------
Melee: Unarmed           |    77 |    80 |   393 |     5 ||   555
  Use: Scroll            |       |       |    15 |       ||    15
  Eat: Chunk             |    10 |    10 |    45 |       ||    65

Notes
Turn   | Place    | Note
--------------------------------------------------------------
     0 | D:1      | Duffy the Troll Fighter began the quest for the Orb.
     0 | D:1      | Reached XP level 1. HP: 22/22 MP: 0/0
   122 | D:2      | Reached XP level 2. HP: 22/29 MP: 1/1
   157 | D:2      | Reached skill level 3 in Unarmed Combat
   260 | D:2      | Found a sparkling altar of Nemelex Xobeh.
   493 | D:3      | Reached XP level 3. HP: 29/36 MP: 2/2
   558 | D:3      | Reached skill level 4 in Unarmed Combat
   578 | D:3      | Found an oddly glowing altar of Pakellas.
   585 | D:3      | Found a deep blue altar of Sif Muna.
   756 | D:4      | Found a shattered altar of Ashenzari.
   775 | D:4      | Reached XP level 4. HP: 18/44 MP: 3/3
   803 | D:4      | Reached skill level 5 in Unarmed Combat
   951 | D:4      | Noticed a phantom
   969 | D:4      | Killed a phantom
   969 | D:4      | Reached XP level 5. HP: 30/50 MP: 4/4
  1025 | D:4      | Noticed an ogre
  1033 | D:4      | Killed an ogre
  1033 | D:4      | Reached skill level 6 in Unarmed Combat
  1033 | D:4      | Reached XP level 6. HP: 31/59 MP: 5/5
  1099 | D:4      | Found a stormy altar of Qazlal.
  1166 | D:4      | Reached skill level 7 in Unarmed Combat
  1384 | D:5      | Entered Level 5 of the Dungeon
  1403 | D:5      | Found Rani's Assorted Antiques.
  1407 | D:5      | Bought a sapphire potion for 19 gold pieces
  1407 | D:5      | Bought a scroll labeled BETOMY ADYCZU for 22 gold pieces
  1407 | D:5      | Bought a sedimented pink potion for 19 gold pieces
  1407 | D:5      | Bought a scroll labeled TUNOFUKHLEI for 22 gold pieces
  1407 | D:5      | Bought an emerald potion for 19 gold pieces
  1464 | D:5      | Found Gozag's Platinum Reserve.
  1595 | D:5      | Found a burning altar of Makhleb.
  1597 | D:5      | Found a basalt altar of Yredelemnul.
  1651 | D:5      | Reached XP level 7. HP: 64/66 MP: 6/6
  1706 | D:5      | Found a staircase to the Ecumenical Temple.
  1734 | Temple   | Entered the Ecumenical Temple
  2615 | D:2      | Reached skill level 8 in Unarmed Combat
  2746 | D:2      | Found a basalt altar of Yredelemnul.
  2746 | D:2      | Found a blossoming altar of Fedhas.
  3698 | D:5      | Reached skill level 9 in Unarmed Combat
  3831 | D:5      | Found an opulent altar of Gozag.
  3937 | D:5      | Reached XP level 8. HP: 26/74 MP: 7/7
  4279 | D:6      | Reached skill level 10 in Unarmed Combat
  4715 | D:6      | Found Reekebol's Armour Emporium.
  4828 | D:6      | Reached skill level 11 in Unarmed Combat
  5019 | D:6      | Reached XP level 9. HP: 46/80 MP: 8/8
  5121 | D:7      | Reached skill level 12 in Unarmed Combat
  5190 | D:7      | Found an ancient bone altar of Kikubaaqudgha.
  5190 | D:7      | Found Juveicam's Jewellery Shoppe.
  5906 | D:8      | Found a snail-covered altar of Cheibriados.
  5936 | D:8      | Became a worshipper of Cheibriados the Contemplative
  6045 | D:8      | Found a viscous altar of Jiyva.
  6218 | D:8      | Reached skill level 13 in Unarmed Combat
  6286 | D:8      | Reached * piety under Cheibriados
  6398 | D:8      | Noticed a komodo dragon
  6408 | D:8      | Killed a komodo dragon
  6623 | D:8      | Found a staircase to the Lair.
  6663 | Lair:1   | Entered Level 1 of the Lair of Beasts
  6802 | Lair:1   | Reached XP level 10. HP: 56/88 MP: 9/9
  6808 | Lair:1   | Slain by a yak

Vault maps used:
D:1:      dpeg_arrival_stonehenge_8_columns
D:2:      lemuel_crystal_altar, gammafunk_temple_overflow_statue
D:3:      nicolae_overflow_crystal_walls, grunt_pakellas_mercury
D:4:      lemuel_crystal_altar, old_standard_altar, abandoned_shop
D:5:      old_standard_altar, nicolae_gozag_zags_fifth_avenue, temple_pool_a,
          first_bread, serial_shops, shop, corner_web_ring,
          yredelemnul_altar_generic
D:6:      serial_shops, nicolae_shop_statue_plus, minmay_joined_circles
D:7:      kiku_gazebo_pond_becter, serial_shops, shop,
          kennysheep_generic_room_12
D:8:      lemuel_doored_altar, david_lair_shrubbed,
          hangedman_little_slice_of_home
Temple:   temple_eino_lava_8
Lair:1:   cheibrodos_lair_caveside_slide

Vanquished Creatures
  A komodo dragon
  2 yaks
  A steam dragon
  A sky beast
  3 ogres
  4 orc warriors
  2 ice beasts
  A phantom
  A giant frog
  2 big kobolds
  5 centaurs
  A wyvern zombie
  4 scorpions
  A wight
  A crimson imp
  4 orc priests
  A centaur skeleton
  5 hounds
  10 orc wizards
  2 quasits
  4 jellies
  4 iguanas
  5 worker ants
  A hound zombie
  4 hound skeletons
  A worker ant zombie
  7 gnolls
  10 adders
  5 oozes
  An adder zombie
  4 worms
  2 adder skeletons
  2 giant geckos
  31 orcs
  6 giant cockroaches
  5 goblins
  3 hobgoblins
  18 kobolds
  5 quokkas
  7 bats
  3 giant newts
  A quokka skeleton
  6 rats
  6 plants
193 creatures vanquished.
